TOP OF THE 1ST |
Toledo Titans batting - Pitching for Panama City Piranhas : LHP Wayne Craig
|
Pitching: LHP Wayne Craig
|
|
Batting: LHB Rick Harrison
|
0-0: Called Strike 0-1: Called Strike 0-2: Foul Ball, location: 2F 0-2: Strikes out swinging
|
Batting: LHB Chris West
|
0-0: Called Strike 0-1: Fly out, F7 (Flyball, 7M)
|
Batting: LHB Tony Dyer
|
0-0: Ground out 5-3 (Groundball, 56)
|
Top of the 1st over - 0 run(s), 0 hit(s), 0 error(s), 0 left on base; Toledo 0 - Panama City 0 |
BOTTOM OF THE 1ST |
Panama City Piranhas batting - Pitching for Toledo Titans : RHP Tom Bowen
|
Pitching: RHP Tom Bowen
|
|
Batting: LHB Ye Der
|
Single, Error in OF, E9, batter to second base
|
Batting: LHB Steve Cunningham
|
0-0: Ball 1-0: Foul Ball, location: 2F 1-1: Ball 2-1: SINGLE (Line Drive, 6MD) Ye Der to third
|
Batting: LHB Herman Hayes
|
0-0: Swinging Strike 0-1: Ball 1-1: DOUBLE (Line Drive, 78M) Ye Der scores Steve Cunningham to third
|
Batting: RHB Tim Barnes
|
0-0: Foul Ball, location: 2F 0-1: Ball 1-1: Ball 2-1: Ground out 6-3 (Groundball, 6) Steve Cunningham scores
|
Batting: RHB Brad Perry
|
0-0: Swinging Strike 0-1: Ball 1-1: Swinging Strike 1-2: Ball 2-2: Foul Ball, location: 2F 2-2: Strikes out looking
|
Batting: LHB Francisco Sánchez
|
0-0: Ball 1-0: Fly out, F6 (Popup, 6D)
|
Bottom of the 1st over - 2 run(s), 3 hit(s), 1 error(s), 1 left on base; Toledo 0 - Panama City 2 |
TOP OF THE 2ND |
Toledo Titans batting - Pitching for Panama City Piranhas : LHP Wayne Craig
|
Batting: LHB Yannick Hendriksen
|
0-0: Ball 1-0: Ground out U3 (Groundball, 3)
|
Batting: RHB Steve Dunn
|
0-0: Ground out 6-3 (Groundball, 6)
|
Batting: RHB Pil-joong Pak
|
0-0: Called Strike 0-1: Called Strike 0-2: Ball 1-2: Fly out, F4 (Popup, 4S)
|
Top of the 2nd over - 0 run(s), 0 hit(s), 0 error(s), 0 left on base; Toledo 0 - Panama City 2 |
BOTTOM OF THE 2ND |
Panama City Piranhas batting - Pitching for Toledo Titans : RHP Tom Bowen
|
Batting: RHB Armando Alvarado
|
0-0: Swinging Strike 0-1: Ground out 4-3 (Groundball, 4)
|
Batting: SHB Marc Talamante
|
0-0: Ball 1-0: Called Strike 1-1: Ground out 4-3 (Groundball, 4)
|
Batting: LHB Robert Adams
|
0-0: Ball 1-0: Called Strike 1-1: Foul Ball, location: 2F 1-2: Strikes out swinging, 2-3 out at first.
|
Bottom of the 2nd over - 0 run(s), 0 hit(s), 0 error(s), 0 left on base; Toledo 0 - Panama City 2 |
TOP OF THE 3RD |
Toledo Titans batting - Pitching for Panama City Piranhas : LHP Wayne Craig
|
Batting: RHB Pedro Pérez
|
0-0: Swinging Strike 0-1: Swinging Strike 0-2: Ball 1-2: Ball 2-2: SINGLE (Line Drive, 4M)
|
Batting: RHB Paul Houston
|
0-0: Foul Ball, location: 2F 0-1: Ball 1-1: Called Strike 1-2: Ball 2-2: Grounds into double play, 5-4-3 (Groundball, 56)
|
Batting: RHB Mike Burns
|
0-0: SINGLE (Groundball, 56D)
|
Batting: LHB Rick Harrison
|
0-0: Reached on error, E4 (Groundball, 34) Mike Burns to second
|
Batting: LHB Chris West
|
0-0: Foul Ball, location: 2F 0-1: Ball 1-1: Ball 2-1: Ball 3-1: Fielders Choice at 2nd, 5-4 (Groundball, 5D)
|
Top of the 3rd over - 0 run(s), 2 hit(s), 1 error(s), 1 left on base; Toledo 0 - Panama City 2 |
BOTTOM OF THE 3RD |
Panama City Piranhas batting - Pitching for Toledo Titans : RHP Tom Bowen
|
Batting: LHB Ye Der
|
0-0: Called Strike 0-1: SINGLE (Groundball, 34) (infield hit)
|
Batting: LHB Steve Cunningham
|
0-0: Ball 1-0: Ball 2-0: Called Strike 2-1: Called Strike 2-2: Foul Ball, location: 2F 2-2: Ground out 4-3 (Groundball, 4M) Ye Der to second
|
Batting: LHB Herman Hayes
|
0-0: Ground out 4-3 (Groundball, 4) Ye Der to third
|
Batting: RHB Tim Barnes
|
0-0: Called Strike 0-1: Ball 1-1: Foul Ball, location: 2F 1-2: Ball 2-2: Foul Ball, location: 2F 2-2: Ball 3-2: Strikes out swinging
|
Bottom of the 3rd over - 0 run(s), 1 hit(s), 0 error(s), 1 left on base; Toledo 0 - Panama City 2 |
TOP OF THE 4TH |
Toledo Titans batting - Pitching for Panama City Piranhas : LHP Wayne Craig
|
Batting: LHB Tony Dyer
|
0-0: Ball 1-0: Swinging Strike 1-1: Called Strike 1-2: Foul Ball, location: 2F 1-2: Strikes out swinging
|
Batting: LHB Yannick Hendriksen
|
0-0: Ball 1-0: Foul Ball, location: 2F 1-1: Swinging Strike 1-2: Ground out 4-3 (Groundball, 4)
|
Batting: RHB Steve Dunn
|
0-0: Called Strike 0-1: Foul Ball, location: 2F 0-2: Ball 1-2: SINGLE (Groundball, 23) (infield hit)
|
Batting: RHB Pil-joong Pak
|
0-0: Ball 1-0: Called Strike 1-1: Foul Ball, location: 2F 1-2: Foul Ball, location: 2F 1-2: Foul Ball, location: 2F 1-2: Strikes out swinging
|
Top of the 4th over - 0 run(s), 1 hit(s), 0 error(s), 1 left on base; Toledo 0 - Panama City 2 |
BOTTOM OF THE 4TH |
Panama City Piranhas batting - Pitching for Toledo Titans : RHP Tom Bowen
|
Batting: RHB Brad Perry
|
0-0: Foul Ball, location: 2F 0-1: Foul Ball, location: 2F 0-2: Strikes out looking
|
Batting: LHB Francisco Sánchez
|
0-0: Ball 1-0: Ball 2-0: Ball 3-0: Called Strike 3-1: Base on Balls
|
Batting: RHB Armando Alvarado
|
0-0: Ball 1-0: SINGLE (Line Drive, 7LM) Francisco Sánchez to second
|
Batting: SHB Marc Talamante
|
0-0: Ball 1-0: Ball 2-0: Called Strike 2-1: Foul Ball, location: 2F 2-2: Grounds into double play, 3-6-4 (Groundball, 34)
|
Bottom of the 4th over - 0 run(s), 1 hit(s), 0 error(s), 1 left on base; Toledo 0 - Panama City 2 |
TOP OF THE 5TH |
Toledo Titans batting - Pitching for Panama City Piranhas : LHP Wayne Craig
|
Batting: RHB Pedro Pérez
|
0-0: Ball 1-0: TRIPLE (Line Drive, 89M)
|
Batting: RHB Paul Houston
|
0-0: Called Strike 0-1: Ball 1-1: Ball 2-1: Ground out 6-3 (Groundball, 6) Pedro Pérez scores
|
Batting: RHB Mike Burns
|
0-0: Ball 1-0: Swinging Strike 1-1: Foul Ball, location: 2F 1-2: Strikes out swinging
|
Batting: LHB Rick Harrison
|
0-0: Ball 1-0: Called Strike 1-1: Ground out U3 (Groundball, 3S)
|
Top of the 5th over - 1 run(s), 1 hit(s), 0 error(s), 0 left on base; Toledo 1 - Panama City 2 |
BOTTOM OF THE 5TH |
Panama City Piranhas batting - Pitching for Toledo Titans : RHP Tom Bowen
|
Batting: LHB Robert Adams
|
0-0: Called Strike 0-1: DOUBLE (Flyball, 89D)
|
Batting: LHB Ye Der
|
0-0: Intentional Walk
|
Batting: LHB Steve Cunningham
|
0-0: Ball 1-0: Called Strike 1-1: Called Strike 1-2: Ball 2-2: Foul Ball, location: 2F 2-2: Grounds into double play, 4-6-3 (Groundball, 4) Robert Adams to third
|
Batting: LHB Herman Hayes
|
0-0: Ball 1-0: Called Strike 1-1: Foul Ball, location: 2F 1-2: Foul Ball, location: 2F 1-2: Ground out 4-3 (Groundball, 4)
|
Bottom of the 5th over - 0 run(s), 1 hit(s), 0 error(s), 1 left on base; Toledo 1 - Panama City 2 |
TOP OF THE 6TH |
Toledo Titans batting - Pitching for Panama City Piranhas : LHP Wayne Craig
|
Batting: LHB Chris West
|
0-0: Ball 1-0: Called Strike 1-1: Ball 2-1: Ground out 6-3 (Groundball, 6)
|
Batting: LHB Tony Dyer
|
0-0: Fly out, F7 (Flyball, 7D)
|
Batting: LHB Yannick Hendriksen
|
0-0: Swinging Strike 0-1: Swinging Strike 0-2: Ball 1-2: Ball 2-2: Ball 3-2: Foul Ball, location: 2F 3-2: Strikes out looking
|
Top of the 6th over - 0 run(s), 0 hit(s), 0 error(s), 0 left on base; Toledo 1 - Panama City 2 |
BOTTOM OF THE 6TH |
Panama City Piranhas batting - Pitching for Toledo Titans : RHP Tom Bowen
|
Batting: RHB Tim Barnes
|
0-0: Foul Ball, location: 2F 0-1: Ball 1-1: Swinging Strike 1-2: Ball 2-2: Strikes out looking
|
Batting: RHB Brad Perry
|
0-0: Swinging Strike 0-1: Ball 1-1: Called Strike 1-2: Foul Ball, location: 2F 1-2: Fly out, F8 (Flyball, 8LD)
|
Batting: LHB Francisco Sánchez
|
0-0: Ball 1-0: Ball 2-0: Ball 3-0: Called Strike 3-1: SOLO HOME RUN (Flyball, 9D), Distance : 400 ft
|
Batting: RHB Armando Alvarado
|
0-0: Ball 1-0: Ball 2-0: Called Strike 2-1: Foul Ball, location: 2F 2-2: SINGLE (Groundball, 34) (infield hit)
|
Pitching: RHP Angus Barlow
|
|
Batting: SHB Marc Talamante
|
0-0: Ball 1-0: Called Strike 1-1: Ball 2-1: Fielders Choice at 2nd, U4 (Groundball, 4M)
|
Bottom of the 6th over - 1 run(s), 2 hit(s), 0 error(s), 1 left on base; Toledo 1 - Panama City 3 |
TOP OF THE 7TH |
Toledo Titans batting - Pitching for Panama City Piranhas : LHP Wayne Craig
|
Batting: RHB Steve Dunn
|
0-0: Ground out 5-3 (Groundball, 5)
|
Batting: RHB Pil-joong Pak
|
0-0: Foul Ball, location: 2F 0-1: Ball 1-1: Swinging Strike 1-2: Ground out 1-3 (Groundball, 15)
|
Batting: RHB Pedro Pérez
|
0-0: Ball 1-0: SINGLE (Groundball, 34D) (infield hit)
|
Batting: RHB Paul Houston
|
0-0: Called Strike 0-1: Fly out, F8 (Flyball, 8RXD)
|
Top of the 7th over - 0 run(s), 1 hit(s), 0 error(s), 1 left on base; Toledo 1 - Panama City 3 |
BOTTOM OF THE 7TH |
Panama City Piranhas batting - Pitching for Toledo Titans : RHP Angus Barlow
|
Batting: LHB Robert Adams
|
0-0: Called Strike 0-1: Ball 1-1: Ball 2-1: Swinging Strike 2-2: Strikes out swinging
|
Batting: LHB Ye Der
|
0-0: Ball 1-0: Foul Ball, location: 2F 1-1: Foul Ball, location: 2F 1-2: Ball 2-2: Ground out 1-3 (Groundball, 15S)
|
Batting: LHB Steve Cunningham
|
0-0: Ball 1-0: Fly out, F6 (Line Drive, 56)
|
Bottom of the 7th over - 0 run(s), 0 hit(s), 0 error(s), 0 left on base; Toledo 1 - Panama City 3 |
TOP OF THE 8TH |
Toledo Titans batting - Pitching for Panama City Piranhas : LHP Wayne Craig
|
Batting: RHB Mike Burns
|
0-0: Swinging Strike 0-1: Swinging Strike 0-2: Strikes out swinging
|
Batting: LHB Rick Harrison
|
0-0: Ground out U3 (Groundball, 3)
|
Batting: LHB Chris West
|
0-0: Ball 1-0: Foul Ball, location: 2F 1-1: Ball 2-1: Foul Ball, location: 2F 2-2: Ball 3-2: Strikes out swinging
|
Top of the 8th over - 0 run(s), 0 hit(s), 0 error(s), 0 left on base; Toledo 1 - Panama City 3 |
BOTTOM OF THE 8TH |
Panama City Piranhas batting - Pitching for Toledo Titans : RHP Angus Barlow
|
Batting: LHB Herman Hayes
|
0-0: Called Strike 0-1: Foul Ball, location: 2F 0-2: Strikes out looking
|
Batting: RHB Tim Barnes
|
0-0: Ball 1-0: Ball 2-0: Fly out, F9 (Flyball, 9M)
|
Batting: RHB Brad Perry
|
0-0: Called Strike 0-1: Ball 1-1: Ground out 5-3 (Groundball, 5)
|
Bottom of the 8th over - 0 run(s), 0 hit(s), 0 error(s), 0 left on base; Toledo 1 - Panama City 3 |
TOP OF THE 9TH |
Toledo Titans batting - Pitching for Panama City Piranhas : LHP Wayne Craig
|
Batting: LHB Tony Dyer
|
0-0: Ball 1-0: Called Strike 1-1: Swinging Strike 1-2: Strikes out swinging
|
Batting: LHB Yannick Hendriksen
|
0-0: Called Strike 0-1: Swinging Strike 0-2: Strikes out swinging
|
Batting: RHB Steve Dunn
|
0-0: Called Strike 0-1: Called Strike 0-2: Strikes out looking
|
Top of the 9th over - 0 run(s), 0 hit(s), 0 error(s), 0 left on base; Toledo 1 - Panama City 3 |
|